Map: Deathaura LE

Players

GunGFuBanDa - Winner!

  • Race: Protoss Protoss
  • League: Grandmaster
  • Spawn Location: 11:00

TLHarstem (Harstem)

  • Race: Protoss Protoss
  • League: Master
  • Spawn Location: 5:00

Event: DreamHack SC2 Masters 2020 Winter

VOD

Have the link to the VOD?

Description

Time

  • Played on: Oct. 27, 2020, 2:46 p.m.
  • Length: 11:48

All games in this series

Show
View Real Time Build Order
Export as new Build Order

GunGFuBanDa Protoss - Winner!

Build Orders:  

Get SALT Encoding   

  12  0:00  Probe  
  13  0:12  Probe  
  14  0:17  Pylon  
  14  0:24  Probe (Chrono Boost)  
  16  0:37  Gateway, Probe (Chrono Boost)  
  16  0:42  Probe (Chrono Boost)  
  16  0:45  Assimilator  
  17  0:52  Probe  
  17  0:53  Assimilator  
  18  1:04  Probe (Chrono Boost)  
  18  1:07  Gateway  
  19  1:13  Probe (Chrono Boost)  
  20  1:18  Probe (Chrono Boost)  
  20  1:23  Cybernetics Core  
  21  1:30  Probe  
  22  1:42  Pylon  
  22  2:00  Stalker (Chrono Boost)  
  25  2:02  Shield Battery  
  25  2:07  Stalker (Chrono Boost)  
  24  2:09  Shield Battery  
  23  2:31  Pylon  
  22  2:55  Probe  
  22  3:08  Warp Gate  
  22  3:10  Probe  
  22  3:29  Probe  
  23  3:35  Pylon  
  23  3:51  Pylon  
  23  3:53  Probe (Chrono Boost)  
  24  3:56  Stalker  
  26  4:05  Probe (Chrono Boost)  
  27  4:10  Gateway  
  27  4:13  Probe (Chrono Boost)  
  28  4:18  Shield Battery  
  28  4:20  Probe  
  29  4:36  Probe  
  30  4:41  Shield Battery  
  30  4:50  Nexus  
  30  4:57  Probe (Chrono Boost)  
  30  4:59  Sentry  
  33  5:01  Pylon  
  33  5:09  Probe (Chrono Boost)  
  33  5:16  Probe (Chrono Boost)  
  33  5:19  Sentry  
  36  5:23  Probe  
  36  5:25  Shield Battery  
  37  5:34  Stalker  
  37  5:35  Probe  
  40  5:45  Twilight Council  
  40  5:47  Probe  
  41  5:50  Stalker  
  43  6:01  Probe (Chrono Boost)  
  43  6:02  Shield Battery  
  44  6:04  Probe (Chrono Boost)  
  45  6:16  Probe (Chrono Boost)  
  47  6:18  Probe (Chrono Boost)  
  47  6:21  Stalker, Probe (Chrono Boost)  
  48  6:26  Probe (Chrono Boost)  
  48  6:27  Blink (Chrono Boost)  
  50  6:36  Probe (Chrono Boost)  
  50  6:37  Probe (Chrono Boost)  
  50  6:39  Forge  
  51  6:41  Probe (Chrono Boost)  
  51  6:43  Probe (Chrono Boost)  
  53  6:49  Stalker x2  
  57  6:55  Probe x2  
  59  7:06  Robotics Facility  
  59  7:07  Probe (Chrono Boost)  
  60  7:08  Pylon  
  60  7:13  Protoss Ground Weapons Level 1 (Chrono Boost), Probe (Chrono Boost)  
  60  7:15  Pylon  
  61  7:16  Assimilator  
  61  7:19  Probe (Chrono Boost)  
  62  7:26  Probe (Chrono Boost)  
  62  7:29  Gateway  
  63  7:30  Probe  
  63  7:31  Gateway  
  64  7:46  Probe  
  64  7:47  Probe  
  64  7:49  Nexus  
  66  7:51  Pylon  
  66  8:01  Observer  
  66  8:02  Photon Cannon  
  66  8:05  Probe x2  
  69  8:11  Photon Cannon  
  69  8:16  Sentry  
  69  8:17  Stalker  
  69  8:18  Probe x2  
  75  8:28  Warp Prism  
  75  8:30  Probe x2  
  79  8:35  Photon Cannon  
  79  8:39  Gateway  
  79  8:42  Probe  
  79  8:43  Stalker, Probe, Sentry  
  85  8:50  Charge  
  85  8:51  Pylon  
  85  8:52  Pylon  
  85  8:55  Probe  
  86  9:02  Gateway  
  86  9:03  Gateway  
  86  9:07  Pylon  
  86  9:13  Probe  
  86  9:14  Probe  
  86  9:17  Stalker x3  
  90  9:22  Protoss Ground Weapons Level 2 (Chrono Boost)  
  94  9:24  Stalker  
  94  9:27  Pylon  
  96  9:32  Assimilator x2  
  96  9:39  Adept  
  96  9:40  Adept  
  96  9:41  Stalker x2  
  104  10:09  Stalker x6  
  116  10:20  Probe x3  
  111  10:32  Probe  
  98  10:44  Stalker x6  
  98  10:45  Probe x2  
  112  10:56  Zealot, Probe  
  115  10:57  Probe  
  112  11:08  Zealot x6  
  124  11:11  Nexus  
  120  11:23  Zealot, Probe  
  121  11:27  Observer  
Show
View Real Time Build Order
Export as new Build Order

TLHarstem Protoss 

Build Orders: Cannon Rush 

Get SALT Encoding   

  12  0:00  Probe  
  13  0:12  Probe  
  14  0:25  Probe  
  15  0:32  Pylon  
  15  0:51  Gateway  
  15  0:52  Gateway  
  15  0:58  Forge  
  15  1:01  Probe  
  16  1:15  Pylon  
  16  1:37  Photon Cannon, Zealot x2 (Chrono Boost)  
  20  1:46  Photon Cannon  
  20  1:55  Photon Cannon  
  22  2:11  Photon Cannon  
  22  2:13  Photon Cannon  
  20  2:22  Probe  
  21  2:25  Pylon  
  21  2:37  Zealot (Chrono Boost)  
  21  2:44  Zealot (Chrono Boost)  
  21  2:53  Probe  
  20  3:05  Assimilator, Probe  
  21  3:09  Cybernetics Core  
  21  3:16  Assimilator  
  21  3:19  Photon Cannon  
  19  3:21  Probe (Chrono Boost)  
  19  3:33  Probe (Chrono Boost)  
  19  3:41  Probe (Chrono Boost)  
  19  3:44  Gateway  
  19  3:45  Adept  
  19  3:48  Adept  
  23  3:52  Probe  
  24  3:59  Warp Gate  
  24  4:04  Probe  
  25  4:22  Probe  
  26  4:28  Stargate  
  26  4:31  Pylon  
  26  4:37  Pylon  
  26  4:49  Stalker, Probe  
  29  4:57  Shield Battery  
  29  5:01  Probe  
  30  5:09  Oracle (Chrono Boost)  
  33  5:15  Probe  
  33  5:21  Shield Battery  
  34  5:28  Stalker  
  37  5:36  Pylon  
  36  5:57  Nexus  
  36  6:01  Probe  
  37  6:13  Probe  
  37  6:16  Stalker  
  40  6:25  Probe  
  41  6:28  Robotics Facility  
  41  6:31  Pylon  
  41  6:37  Probe (Chrono Boost)  
  42  6:49  Probe (Chrono Boost), Sentry  
  45  6:56  Probe (Chrono Boost)  
  46  7:02  Shield Battery  
  46  7:07  Probe (Chrono Boost)  
  47  7:09  Probe (Chrono Boost)  
  47  7:14  Immortal (Chrono Boost)  
  52  7:19  Probe (Chrono Boost)  
  52  7:20  Probe (Chrono Boost)  
  54  7:24  Probe (Chrono Boost)  
  54  7:28  Probe  
  56  7:32  Robotics Bay  
  56  7:36  Forge, Probe  
  57  7:40  Probe  
  58  7:46  Observer  
  58  7:48  Probe  
  60  8:01  Pylon, Probe  
  60  8:05  Protoss Ground Weapons Level 1 (Chrono Boost)  
  61  8:06  Immortal (Chrono Boost)  
  66  8:15  Nexus  
  66  8:17  Probe  
  66  8:18  Probe  
  67  8:29  Probe  
  67  8:30  Probe  
  69  8:35  Assimilator  
  69  8:36  Disruptor  
  72  8:42  Probe  
  72  8:44  Probe  
  72  8:47  Pylon  
  74  8:53  Stalker  
  76  8:56  Probe  
  77  9:05  Shield Battery  
  77  9:08  Pylon, Probe  
  77  9:09  Gateway  
  78  9:12  Disruptor (Chrono Boost)  
  78  9:14  Gateway, Twilight Council, Probe  
  82  9:26  Probe x2  
  82  9:28  Probe  
  85  9:38  Probe  
  85  9:39  Photon Cannon, Stalker  
  85  9:44  Photon Cannon, Disruptor (Chrono Boost)  
  85  10:06  Stalker x2  
  85  10:11  Probe  
  85  10:13  Disruptor  
  87  10:14  Probe  
  87  10:21  Zealot  
  83  10:22  Probe  
  83  10:25  Gateway  
  80  10:30  Gateway, Zealot  
  80  10:31  Zealot  
  83  10:36  Probe  
  83  10:41  Gateway  
  71  10:43  Stalker  
  71  10:46  Gateway  
  71  10:48  Disruptor (Chrono Boost)  
  74  10:53  Stalker  
  74  10:54  Stalker  
  72  11:09  Stalker  
  72  11:10  Probe  
  71  11:18  Zealot x2  
  70  11:23  Probe  
  70  11:25  Stalker x2, Probe  
Tags
 
Add a new tag
Caveats
  • Supply blocks, unpowered buildings, or Contaminate may cause inaccurate times.
  • Supply counts are checked every 10 seconds.